 Dungeon Crawl Stone Soup version 0.18-a0-1628-g61c6396 (webtiles) character file.

16 HandofTrog the Skirmisher (level 2, 0/23 HPs)
             Began as a Demonspawn Wanderer on Mar 25, 2016.
             Slain by a worm (8 damage)
             ... on level 2 of the Dungeon.
             The game lasted 00:03:03 (801 turns).

HandofTrog the Skirmisher (Demonspawn Wanderer)      Turns: 801, Time: 00:03:05

Health: 0/23       AC:  9    Str: 12    XL:     2   Next: 37%
Magic:  2/2        EV:  8    Int: 13    God:
Gold:   39         SH:  3    Dex: 12    Spells: 0 memorised, 1 level left

rFire  . . .     SeeInvis .     b - +0 hand crossbow
rCold  . . .     Gourm    .     a - +2 scale mail
rNeg   . . .     Faith    .     d - +0 buckler
rPois  .         Spirit   .     l - +0 helmet
rElec  .         Dismiss  .     (no cloak)
rCorr  .         Reflect  .     (no gloves)
SustAt .         Harm     .     (no boots)
MR     .....                    (no amulet)
Stlth  ..........               (no ring)
                                (no ring)

@: not resistant to hostile enchantments, extremely unstealthy
A: powered by death 1
a: no special abilities


You were on level 2 of the Dungeon.
You were not hungry.

You visited 1 branch of the dungeon, and saw 2 of its levels.

You collected 39 gold pieces.

Inventory:

Hand Weapons
 b - a +0 hand crossbow (weapon)
 e - a +0 dagger
Missiles
 c - 9 bolts (quivered)
 g - a throwing net
Armour
 a - a +2 scale mail (worn)
 d - a +0 buckler (worn)
 j - a cursed +0 leather armour
 l - a +0 helmet (worn)
Scrolls
 m - a scroll of teleportation {unknown}
Potions
 h - 2 potions of degeneration {unknown}
 i - a potion of curing {unknown}
 k - a potion of magic {unknown}
Comestibles
 f - a bread ration
 n - a beef jerky


   Skills:
 + Level 2.4 Fighting
   Level 1.7(2.1) Axes
   Level 1.7(2.1) Polearms
 - Level 1.7 Armour
 - Level 1.7 Stealth
 - Level 1.0 Shields


You had one spell level left.
You didn't know any spells.

Dungeon Overview and Level Annotations

Branches:
Dungeon (2/15)

Altars:


Innate Abilities, Weirdness & Mutations

You regenerate a little health from kills.


Message History

Aim: a worm (moderately wounded)
You shoot a bolt. The bolt hits the worm.
The worm is heavily wounded.
Firing (i - inventory. (,) - cycle):
c - 12 bolts (quivered)
Press: ? - help, Shift-Dir - straight line, f/p - worm
Aim: a worm (heavily wounded)
You shoot a bolt. The bolt barely misses the worm.
The worm completely misses you.
Firing (i - inventory. (,) - cycle):
c - 11 bolts (quivered)
Press: ? - help, Shift-Dir - straight line, f/p - worm
Aim: a worm (moderately wounded)
You shoot a bolt. The bolt hits the worm.
The worm is heavily wounded.
Firing (i - inventory. (,) - cycle):
c - 10 bolts (quivered)
Press: ? - help, Shift-Dir - straight line, f/p - worm
Aim: a worm (heavily wounded)
You shoot a bolt. The bolt hits the worm!
The worm is almost dead.
The worm bites you!
You die...

..###(# #.##.#(# ..
#.##### #.##(#.# ..
#.....# #..(.#.# .#
#..(..# #(####.# ..
......# #.#....#
..###.....#
##(.....##
...##.....#
#........#
....#######
#...w....# .....#
#...@....#
.....######
####...###
..........# #...#
...<#.###.#######.##
...#......#...###.#
####..#.....#.....#
........#.#...#####
####......#####
#.####.#


You could see a worm.

Vanquished Creatures
  An ooze (D:2)
  A worm (D:2)
  A dart slug (D:1)
  A goblin (D:2)
  A hobgoblin (D:1)
  A bat (D:1)
  2 rats
8 creatures vanquished.

Notes
Turn   | Place    | Note
--------------------------------------------------------------
     0 | D:1      | HandofTrog the Demonspawn Wanderer began the quest for the Orb.
     0 | D:1      | HandofTrog set off with: a +2 scale mail, a +0 hand crossbow, 22 bolts, a +0 buckler, a +0 dagger, a bread ration
     0 | D:1      | Reached XP level 1. HP: 15/15 MP: 1/1
   511 | D:2      | Reached skill level 2 in Fighting
   591 | D:2      | Gained mutation: You regenerate a little health from kills. [demonic ancestry]
   591 | D:2      | Reached XP level 2. HP: 15/22 MP: 2/2
   801 | D:2      | Slain by a worm

Vault maps used:
D:1:      onia_arrival_mini_spirals
D:2:      kiku_gazebo_garden_becter, first_bread, ecumenical_altar_1

Skill      XL: |  1 |
---------------+----+-----
Fighting       | 2 |  2.4
Axes           | |  1.7
Polearms       | |  1.7
Armour         | |  1.7
Stealth        | |  1.7
Shields        | |  1.0

Action                   || total
-------------------------++-------
Melee: Dagger            ||    62
 Fire: Hand crossbow     ||    21
